Unix NetHack Version 3.7.0-101 Work-in-progress - last build Mar 25 2024 11:18:41 (462964f8eaac915e699fc3a71b43428251fec12b,branch:master). Game began 2024-03-31 12:21:19, ended 2024-03-31 12:32:23. elenmirie, neutral female gnomish Archeologist ----- |...| -------------- |....# |._...........### |...|# #|............| # ------------ ##....|# # |............| ### |..%.]!%%!!| ----- # -|---# # |............| # |@%%%%%.!.%| |...-####### ######## ###-..........{.| ##-.*%%%@d%.%| |...| # ## # #---.---------- |.%%%%B%%..| |...|### # ####### ### ------------ -.--- ###################--.--- ## # ## #|.....#### ## |....|# #----- |....-# #|...| |....| #|...| |....| #|...| ------ #-<... ----- Elenmirie the Field Worker St:10 Dx:9 Co:17 In:17 Wi:12 Ch:9 Neutral Dlvl:3 $:42 HP:0(25) Pw:11(11) AC:10 Xp:3/55 T:1486 Fainting Deaf Latest messages: You are beginning to feel weak. You stop searching. Yermak drops a pancake. Yermak picks up a pear. Yermak drops a pear. Yermak picks up a pear. Yermak drops a pear. Yermak picks up a eucalyptus leaf. You stop searching. You faint from lack of food. Yermak drops a eucalyptus leaf. You regain consciousness. Yermak picks up a pear. You can hear again. You stop searching. Yermak drops a pear. Yermak picks up a pear. You stop searching. You faint from lack of food. Yermak drops a pear. Yermak picks up a pear. Yermak drops a pear. You regain consciousness. You stop searching. You faint from lack of food. Yermak picks up a food ration. Yermak drops a food ration. Yermak picks up a smoky potion. Yermak drops a smoky potion. The giant bat bites! The giant bat bites! You return to gnomish form! Your movements are now unencumbered. The giant bat bites! Yermak misses the giant bat. The giant bat bites! The giant bat bites! Yermak bites the giant bat. The giant bat misses Yermak. The giant bat bites! Yermak misses the giant bat. You regain consciousness. The giant bat bites! You die... Papar gratefully inherits all your possessions. Do you want to see what you had when you died? [ynq] (y) y Do you want to see your attributes? [ynq] (y) y Do you want an account of creatures vanquished? [ynaq] (y) y Do you want to see your conduct and achievements? [ynq] (y) y Do you want to see the dungeon overview? [ynq] (y) y Inventory: Coins $ - 42 gold pieces Weapons s - an uncursed +0 bow q - 43 uncursed +0 darts Comestibles d - 3 uncursed food rations Rings o - an uncursed ring of shock resistance Wands j - an uncursed wand of cold (0:6) h - an uncursed wand of light (0:10) Tools w - an uncursed sack containing 6 items i - an uncursed oil lamp t - an uncursed tinning kit (0:61) Gems/Stones f - an uncursed garnet stone g - an uncursed touchstone Contents of the sack: an uncursed scroll of destroy armor a blessed scroll of enchant weapon an uncursed potion of object detection an uncursed potion of sickness an uncursed potion of water an uncursed +0 pick-axe Elenmirie the Archeologist's attributes: Background: You were a Field Worker, a level 3 female gnomish Archeologist. You were neutral, on a mission for Camaxtli who was opposed by Quetzalcoatl (lawful) and Huhetotl (chaotic). You were right-handed. You were in the Dungeons of Doom, on level 3. You entered the dungeon 1486 turns ago. You had 55 experience points, 25 more were needed to attain level 4. Basics: You had 0 out of 25 hit points. You had all 11 energy points (spell power). Your armor class was 10. Your wallet contained 42 zorkmids. Autopickup was on, but temporarily disabled while inside the shop. Final Characteristics: Your strength was 10 (base:11, limit:18/50). Your dexterity was 9 (limit:18). Your constitution was 17 (limit:18). Your intelligence was 17 (limit:19). Your wisdom was 12 (limit:18). Your charisma was 9 (limit:18). Final Status: You were deaf. You were fainting due to starvation. You were unencumbered. You were bare handed. You were unskilled in bare handed combat. You weren't wearing any armor. Final Attributes: You were devoutly aligned. You were level-drain resistant. You had automatic searching. You had infravision. You were a wererat. You were harmed by silver. You were unlucky. You are dead. Miscellaneous: You never encountered a bones level. Total elapsed playing time was 11 minutes and 2 seconds. Major events: Turn 1: elenmirie the neutral female gnomish Archeologist entered the dungeon 795: attained the rank of Field Worker (level 3) 1486: killed by a giant bat Vanquished creatures: a wererat a large kobold a cave spider a garter snake a gecko 7 jackals a kobold a goblin 4 lichens 6 newts 24 creatures vanquished. No species were genocided or became extinct. Voluntary challenges: You were illiterate. You never engraved Elbereth. You never genocided any monsters. You never polymorphed an object. You used no wishes. Achievements: You attained the rank of Field Worker. You entered a shop. The Dungeons of Doom: levels 1 to 3 Level 1: Some fountains. Level 2: Level 3: <- You were here. A delicatessen, an altar, a fountain. Final resting place for you, killed by a giant bat. Game over: ---------- / \ / REST \ / IN \ / PEACE \ / \ | elenmirie | | 42 Au | | killed by a | | giant bat | | | | | | 2024 | *| * * * | * _________)/\\_//(\/(/\)/\//\/|_)_______ Goodbye elenmirie the Archeologist... You died in The Dungeons of Doom on dungeon level 3 with 368 points, and 42 pieces of gold, after 1486 moves. You were level 3 with a maximum of 25 hit points when you died.